 Dungeon Crawl Stone Soup version 0.31-a0-640-g39d97e502b (webtiles) character file.

Game seed: 7471872637338697167

581 Arcadio the Ducker (level 7, -3/51 HPs)
             Began as a Djinni Necromancer on Aug 28, 2023.
             Killed from afar by a white imp (9 damage)
             ... with a puff of frost
             ... on level 5 of the Dungeon.
             The game lasted 00:14:32 (4314 turns).

Arcadio the Ducker (Djinni Necromancer)             Turns: 4314, Time: 00:14:32

Health: -3/51      AC:  3    Str:  7    XL:     7   Next: 63%
Gold:   249        EV: 14    Int: 18    God:
                   SH:  0    Dex: 14

rFire   + + .        b - +1 falchion (holy)
rCold   x . .        (no shield)
rNeg    . . .        a - +0 robe
rPois   ∞            f - +0 helmet
rElec   .            (no cloak)
rCorr   .            (no gloves)
SInv    .            (boots unavailable)
Will    +....        (no amulet)
Stlth   ++           i - ring of willpower
HPRegen 0.28/turn    (no ring)
MPRegen 0.00/turn

%: infuse magic (-4 HP)
@: about to teleport, flying
A: sickness immunity, fire resistance 2, cold vulnerability 1, float, innate
caster, HP casting, extra vitality 1
a: no special abilities


You were on level 5 of the Dungeon.
You visited 1 branch of the dungeon, and saw 5 of its levels.

You collected 249 gold pieces.

Inventory:

Hand Weapons
 b - a +1 falchion of holy wrath (weapon)
 j - a +1 whip of flaming
 m - a +0 dagger
Missiles
 d - a throwing net
Armour
 a - a +0 robe (worn)
 f - a +0 helmet (worn)
Jewellery
 i - a ring of willpower (left hand)
Wands
 q - a wand of flame (17)
Scrolls
 c - a scroll of fear {unknown}
 e - a scroll of teleportation
 h - a scroll of silence {unknown}
 l - a scroll of enchant weapon {unknown}
 n - 2 scrolls of fog {unknown}
 p - a scroll of torment {unknown}
 r - a scroll of identify
Potions
 g - 2 potions of lignification
 k - a potion of haste {unknown}
 o - 2 potions of curing {unknown}
 s - a potion of heal wounds {unknown}


   Skills:
 + Level 3.7 Fighting
 + Level 5.6 Dodging
 - Level 1.5 Stealth
 + Level 4.7 Spellcasting
 + Level 4.7 Conjurations
 + Level 4.7 Hexes
 + Level 4.7 Summonings
 + Level 4.7 Necromancy
 + Level 4.7 Translocations
 + Level 4.7 Transmutations
 + Level 4.7 Fire Magic
 + Level 4.7 Ice Magic
 + Level 4.7 Air Magic
 + Level 4.7 Earth Magic
 + Level 4.7 Poison Magic


You knew the following spells:

 Your Spells              Type           Power      Damage    Failure   Level
a - Foxfire               Conj/Fire      84%        2x1d8     1%          1
b - Vampiric Draining     Necr           21%        2d7       6%          3
c - Animate Dead          Necr           21%        N/A       21%         4
d - Agony                 Necr           21%        N/A       50%         5
e - Necrotise             Necr           84%        1d8       1%          1
f - Ensorcelled Hibernat  Hex/Ice        42%        N/A       3%          2
g - Passwall              Tmut/Erth      17%        N/A       3%          2
Your spell library was empty.

Dungeon Overview and Level Annotations

Branches:
Dungeon (5/15) Zot: 25668
 Temple: D:4-7

Altars:

Shops:
D:1 *   D:2 **!(


Innate Abilities, Weirdness & Mutations

You are immune to sickness and miasma.
You are immune to poison.
Your flesh is very heat resistant. (rF++)
You are vulnerable to cold. (rC-)
You float through the air rather than walking.
You learn spells naturally, not from books.
Your magical power is your life essence.
You have superior vitality. (+4 MHP)


Message History

The gnoll sergeant hits you from afar with a +3 vampiric trident!
Okay, then.
A gnoll comes into view. It is wielding a +0 spear.
The gnoll shouts!
The gnoll sergeant hits you with a +3 vampiric trident.
Casting: Foxfire (safe; 1% risk of failure)
Confirm with . or Enter, or press ? or * to list all spells.
Aiming: Vampiric Draining (dangerous; 6% risk of failure)
Press: ? - help, Shift-Dir - straight line, f - gnoll sergeant
Aim: a gnoll sergeant, wielding a +3 vampiric trident, wearing a +0 scale mail and quivering stones (heavily wounded)
You draw life force from the gnoll sergeant!
You feel life coursing into your body.
The gnoll sergeant hits you with a +3 vampiric trident!
* * * LOW HITPOINT WARNING * * *
Casting: Vampiric Draining (dangerous; 6% risk of failure)
Confirm with . or Enter, or press ? or * to list all spells.
Aiming: Vampiric Draining (dangerous; 6% risk of failure)
Press: ? - help, Shift-Dir - straight line, f/p - gnoll sergeant
Aim: a gnoll sergeant, wielding a +3 vampiric trident, wearing a +0 scale mail and quivering stones (almost dead)
You draw life force from the gnoll sergeant.
You kill the gnoll sergeant!
You feel life coursing into your body.
* * * LOW HITPOINT WARNING * * *
The white imp barely misses you.
Okay, then.
Okay, then.
Casting: Vampiric Draining (dangerous; 6% risk of failure)
Confirm with . or Enter, or press ? or * to list all spells.
Aiming: Ensorcelled Hibernation (safe; 3% risk of failure)
Press: ? - help, Shift-Dir - straight line, f - white imp
Aim: a white imp (not susceptible)
Okay, then.
Casting: Ensorcelled Hibernation (safe; 3% risk of failure)
Confirm with . or Enter, or press ? or * to list all spells.
Okay, then.
As you read the scroll of teleportation, it crumbles to dust.
You feel strangely unstable. The white imp gestures at you.
The puff of frost hits you!
You feel a terrible chill!
You die...

.# #.##.# #.##..... ...#.. .#
#.##.# #.##.#..# ........ .#
#.##.# #.##.#..# ...#.... .#
#.##.# #.##.#..# #.##÷# .#
#.##.# #.##.#..# #.##<# .#
#[##.# ####.##.#..# #.##.# .#
#.##.####....##.#..# #.##S# .
.#
#............5.....###.##o##.
.#
####........@).g..)..)†##....
#######.####.#...###......
#.# #.....###...... #.#
#..........#### #.#
##.#######.# #.# #.# #.# #.#
#.# #.# #. #.# #.# #.#


You could see a gnoll and a white imp.

Vanquished Creatures
  Blork the orc (D:5)
  A gnoll sergeant (D:5)
  A scorpion (D:5)
  2 howler monkeys
  A jelly (D:4)
  A hound (D:4)
  2 orc priests
  4 adders
  2 gnolls (D:5)
  2 ufetubi (D:4)
  3 worms
  4 dart slugs
  23 orcs
  4 ball pythons
  7 endoplasms
  A giant cockroach (D:2)
  6 goblins
  7 hobgoblins
  5 jackals
  6 quokkas
  6 bats
  5 frilled lizards
  A kobold (D:2)
  6 rats
101 creatures vanquished.

Vanquished Creatures (others)
  206 foxfires
206 creatures vanquished.

Grand Total: 307 creatures vanquished

Notes
Turn   | Place    | Note
-------+----------+-------------------------------------------
     0 | D:1      | Arcadio the Djinni Necromancer began the quest for the Orb.
     0 | D:1      | Arcadio set off with the following spells memorised:
                  | Necrotise, Vampiric Draining, Animate Dead, Agony.
     0 | D:1      | Reached XP level 1. HP: 15/15 MP: 0/0
   190 | D:1      | Reached XP level 2. HP: 9/21 MP: 0/0
   472 | D:1      | Found a faded altar of an unknown god.
   622 | D:1      | Found Rainor's Assorted Antiques.
   888 | D:2      | Reached XP level 3. HP: 13/25 MP: 0/0
   888 | D:2      | Learned a level 1 spell: Foxfire
   946 | D:2      | Found Xaebb's General Store.
   972 | D:2      | Reached skill level 3 in Dodging
   996 | D:2      | Found Luybofe's Distillery.
  1141 | D:2      | Found Pynkoj's Antique Weapon Shoppe.
  1214 | D:2      | Reached XP level 4. HP: 31/31 MP: 0/0
  1477 | D:2      | Found Bock's Assorted Antiques.
  1852 | D:3      | Reached XP level 5. HP: 27/36 MP: 0/0
  1852 | D:3      | Learned a level 2 spell: Ensorcelled Hibernation
  1889 | D:3      | Reached skill level 1 in Fighting
  2142 | D:3      | Reached skill level 4 in Dodging
  2567 | D:4      | Reached XP level 6. HP: 23/43 MP: 0/0
  3255 | D:5      | Entered Level 5 of the Dungeon
  3261 | D:5      | Reached skill level 5 in Dodging
  3261 | D:5      | Reached XP level 7. HP: 43/50 MP: 0/0
  3261 | D:5      | Learned a level 2 spell: Passwall
  3788 | D:5      | Noticed Blork the orc
  3995 | D:5      | Killed Blork the orc
  4314 | D:5      | Killed from afar by a white imp

Illustrated notes

Levels and vault maps discovered:
D:1:      amcnicky_arrival_double_pillar, layout_basic, serial_shops, shop,
          shapermc_ecumenical_altar_petra, ebering_dispersal_statue_hall
D:2:      layout_loops_ring, serial_shops, nicolae_shop_advertising_works
          [nicolae_subvault_shop_adworks], shop, nicolae_shop_back_alley_shop,
          nicolae_diamond_shop
D:3:      layout_basic, mainiacjoe_overflow_small_starburst
D:4:      layout_basic
D:5:      layout_loops_ring, serial_rivers, chequers_serial_rivers_small_b,
          chequers_serial_rivers_micro_e, chequers_serial_rivers_room_b,
          chequers_serial_rivers_marsh, chequers_serial_rivers_micro_b,
          nicolae_figureground_pulse, uniq_blork_the_orc

Skill      XL: |  1  2  3  4  5  6 |
---------------+-------------------+-----
Dodging        | 3 4 5 |  5.6
Spellcasting   | 4 |  4.7
Conjurations   | 4 |  4.7
Hexes          | 4 |  4.7
Summonings     | 4 |  4.7
Necromancy     | 4 |  4.7
Translocations | 4 |  4.7
Transmutations | 4 |  4.7
Fire Magic     | 4 |  4.7
Ice Magic      | 4 |  4.7
Air Magic      | 4 |  4.7
Earth Magic    | 4 |  4.7
Poison Magic   | 4 |  4.7
Fighting       | 2 3 |  3.7
Stealth        | |  1.5

Action                     |  1- 3 |  4- 6 |  7- 9 || total
---------------------------+-------+-------+-------++-------
  Melee: Unarmed           |       |     1 |       ||     1
         Whip              |       |     5 |       ||     5
         Falchion          |       |    30 |    31 ||    61
   Cast: Necrotise         |    44 |       |       ||    44
         Foxfire           |    28 |    94 |    19 ||   141
         Vampiric Draining |       |     9 |     2 ||    11
         Ensorcelled Hiber |       |       |     2 ||     2
    Use: Scroll            |       |     4 |     1 ||     5
 Armour: Robe              |     3 |     9 |     5 ||    17
  Dodge: Dodged            |    13 |    48 |    34 ||    95

Table legend: (Time is in decaauts)
 A = Elapsed time spent in this place.
 B = Non-inter-level travel time spent in this place.
 C = Inter-level travel time spent in this place.
 D = Time resting spent in this place.
 E = Time spent auto-exploring this place.
 F = Levels seen in this place.
 G = Mean time per level.
                   A        B        C        D        E       F      G
               +--------+--------+--------+--------+--------+-----+--------+
         Total |   4330 |   4257 |     73 |    929 |   2499 |   5 |  866.0 |
       Dungeon |   4330 |   4257 |     73 |    929 |   2499 |   5 |  866.0 |
               +--------+--------+--------+--------+--------+-----+--------+

Top non-repeatable levels by time:
     D:4: 1279 daAuts
     D:3: 908 daAuts
     D:1: 841 daAuts
     D:2: 796 daAuts
     D:5: 505 daAuts
